Map: Magannatha LE

Players

shadowXfox - Winner!

  • Race: Terran Terran
  • Spawn Location: 5:00

A.I. 1 (Medium)

  • Race: Terran Terran
  • Spawn Location: 11:00

VOD

Have the link to the VOD?

Description

Time

  • Played on: Aug. 22, 2025, 9:01 p.m.
  • Length: 8:05
Show
View Real Time Build Order
Export as new Build Order

shadowXfox Terran - Winner!

Build Orders:  

Get SALT Encoding   

  12  0:00  SCV  
  13  0:13  SCV  
  14  0:21  Supply Depot  
  14  0:25  SCV  
  15  0:48  Barracks  
  15  0:52  SCV  
  16  1:04  SCV  
  17  1:16  SCV  
  18  1:33  Barracks  
  18  1:36  Orbital Command  
  18  1:40  Marine  
  18  1:41  Refinery  
  19  1:58  Marine  
  20  2:06  SCV  
  21  2:18  SCV  
  21  2:20  Marine  
  23  2:24  Barracks  
  23  2:42  Supply Depot  
  23  2:45  Refinery  
  23  2:56  Command Center  
  23  3:03  Barracks Tech Lab  
  23  3:04  Marine, SCV  
  25  3:16  SCV  
  26  3:21  Marine  
  26  3:22  Combat Shield  
  27  3:28  SCV  
  28  3:39  Marine  
  28  3:40  SCV, Barracks Reactor  
  30  3:44  Bunker  
  30  3:52  SCV  
  31  4:07  Marine  
  31  4:08  Supply Depot  
  32  4:17  Engineering Bay  
  32  4:32  Supply Depot  
  32  4:39  Bunker  
  32  4:41  Marine x2  
  34  4:48  Barracks Tech Lab  
  34  4:55  Supply Depot  
  34  4:57  Terran Infantry Weapons Level 1  
  34  4:59  Marine x2  
  36  5:05  Factory  
  36  5:11  Marauder  
  36  5:13  Concussive Shells  
  38  5:16  Marine  
  38  5:17  Marine  
  38  5:21  SCV  
  37  5:32  Marauder  
  37  5:33  SCV  
  37  5:34  Marine  
  37  5:35  Marine  
  39  5:45  SCV  
  39  5:47  Bunker  
  40  5:54  Marauder  
  42  5:57  SCV  
  43  6:09  SCV  
  44  6:15  Marauder  
  45  6:37  Marauder  
  45  6:48  Marine x2  
  47  6:58  Marauder  
  49  7:05  Marine  
  49  7:06  Marine  
  50  7:19  Marauder  
  52  7:23  Marine  
  52  7:24  Marine  
  54  7:34  Orbital Command  
  54  7:41  Marine, Marauder  
  54  7:42  Marine  
Show
View Real Time Build Order
Export as new Build Order

A.I. 1 (Medium) Terran 

Build Orders:  

Get SALT Encoding   

  12  0:00  SCV  
  13  0:13  SCV  
  14  0:18  Supply Depot  
  14  0:25  SCV  
  15  0:39  SCV  
  15  0:42  Barracks  
  16  0:50  Refinery  
  16  0:51  SCV  
  17  1:03  SCV  
  18  1:16  Supply Depot  
  18  1:29  Marine  
  18  1:30  Orbital Command  
  19  1:32  Barracks  
  19  1:42  Refinery  
  19  1:48  Barracks Tech Lab  
  19  2:06  Marine  
  20  2:09  Supply Depot  
  20  2:24  Marine  
  20  2:29  Marine  
  23  2:30  SCV  
  23  2:42  SCV, Engineering Bay, Marauder  
  26  2:54  SCV  
  26  2:56  Supply Depot  
  27  3:03  Marauder  
  29  3:06  SCV  
  30  3:18  SCV  
  31  3:25  Marauder  
  33  3:30  SCV  
  34  3:46  Marauder  
  36  4:28  SCV  
  36  5:15  Barracks Tech Lab  
  36  5:16  Marine, SCV  
  36  5:17  Factory  
  36  5:19  Factory  
  38  5:21  Missile Turret  
  38  5:23  Missile Turret  
  38  5:25  Supply Depot  
  34  5:28  SCV  
  34  5:29  Sensor Tower  
  34  5:31  Ghost Academy  
  34  5:34  Barracks, Marine  
  36  5:38  Marauder  
  30  5:45  Bunker  
  30  5:52  Marine  
  30  5:55  Supply Depot  
  31  5:59  Marine  
  31  6:02  Factory Tech Lab x2  
  31  6:03  Armory  
  32  6:07  Command Center  
  32  6:09  Marine  
  33  6:16  Marine  
  28  6:21  Marine  
  28  6:23  SCV  
  24  6:30  Marine  
  20  6:35  SCV  
  20  6:38  Marine  
  13  6:40  Barracks Reactor  
  9  6:47  SCV  
  9  6:48  Marine  
  10  6:56  Marine  
  10  6:59  SCV  
  7  7:05  Marine  
  7  7:11  SCV  
  7  7:14  Marine  
  9  7:19  SCV  
  9  7:21  Marine  
  7  7:23  SCV  
  7  7:30  Marine  
  7  7:31  SCV  
  7  7:36  SCV  
  8  7:38  Marine  
  8  7:43  SCV  
  7  7:47  Marine  
  7  7:48  SCV  
Tags
 
Matchup
TvT
Race
Terran
Spawn Locations
Cross Positions
Add a new tag
Caveats
  • Supply blocks, unpowered buildings, or Contaminate may cause inaccurate times.
  • Supply counts are checked every 10 seconds.